[Event "ETCC Open 2023"]
[Site "Budva"]
[Date "2023.11.13"]
[Round "3.36"]
[White "Sorensen, Hampus"]
[Black "Durarbayli, Vasif"]
[Result "0-1"]
[ECO "D13"]
[WhiteElo "2479"]
[BlackElo "2625"]
[Annotator "TA"]
[PlyCount "73"]
[EventDate "2023.11.10"]
[EventType "team-tourn"]
[EventCountry "MNE"]
[SourceTitle "playchess.com"]
[Source "ChessBase"]
[SourceQuality "1"]
[WhiteTeam "Sweden"]
[BlackTeam "Azerbaijan"]
[WhiteTeamCountry "SWE"]
[BlackTeamCountry "AZE"]
[TimeControl "40/5400+30:1800+30"]

1. d4 d5 2. c4 c6 3. Nf3 Nf6 4. cxd5 cxd5 5. Nc3 Nc6 6. Bf4 Nh5 7. Be5 f6 {[%emt 0:02:41] D13: Slav Defence: Exchange variation without ...Bf5.} 8. Bg3 e6 {[%emt 0:01:21] is the legacy move (8...e5).} 9. e3 Qb6 {[%emt 0:01:55] [#] And now ...Nxg3 would win. The position is equal.} 10. a3 Bd7 (10... Qxb2 $2 11. Na4 Bb4+ 12. axb4 Qxb4+ 13. Nd2 Nxg3 14. hxg3 $18) 11. Bd3 Nxg3 (11... Qxb2 $2 12. Na4 Nxg3 13. hxg3 $18) 12. hxg3 Ne7 {[%emt 0:00:22] [#]} (12... Qxb2 $2 13. Na4 $18 (13. Rxh7 $2 Qxc3+ 14. Kf1 Rxh7 $19) (13. Rxh7 $2 Qxc3+ 14. Kf1 Rxh7 $19)) 13. O-O $146 (13. Bxh7 Qxb2 14. Qc1 Qxc1+ 15. Rxc1 g6 $17) ({Predecessor:} 13. Qc2 Kf7 14. g4 g6 15. g5 Bg7 16. gxf6 Bxf6 17. O-O-O Rac8 18. Kb1 Kg7 19. g4 {½-½ Petijevic,V (2291)-Darmanovic,S (2273) MNT-chT Cetinje 2009 (1)}) 13... g5 ({Don't play} 13... Qxb2 14. Na4 Bxa4 15. Qxa4+ Nc6 16. Bb5 $18) 14. Na4 Bxa4 15. Qxa4+ Kf7 16. e4 (16. Rac1 $16) 16... dxe4 $11 17. Bxe4 Bg7 (17... g4 $11 {remains equal.}) 18. Rac1 ({Not} 18. Qd7 Rhd8 19. Qxb7 Qxb7 20. Bxb7 Rab8 $17) (18. d5 $16 {Black must now prevent dxe6+.} exd5 19. Bd3) 18... Rad8 $14 19. Rc4 (19. d5 $11 {keeps the balance.} Nxd5 20. Rc4) 19... g4 $17 20. Nd2 (20. Rb4 $142 Qa6 21. Ne1) 20... f5 ({But not} 20... Qxb2 21. Nb3 f5 22. Bxb7 $11) 21. Rb4 Rxd4 22. Nc4 Qa6 (22... Qc7 $19 {has better winning chances.} 23. Bxb7 Rxc4 {[%mdl 64] Deflection} 24. Rxc4 Qxb7) 23. Bxb7 Qxa4 24. Rxa4 Rhd8 (24... Rb8 $5 25. Ba6 Rdd8 $15) 25. Rb4 Rb8 26. Rc1 Kg6 {[%emt 0:02:17] Black is more active.} 27. Kf1 Nd5 28. Bxd5 Rxb4 29. axb4 Rxd5 $11 {[%emt 0:02:32][%mdl 4096] Endgame KRB-KRN} 30. Re1 Kf7 31. Ra1 Bd4 32. Ke2 Kf6 33. Rh1 Kg6 {[%emt 0:00:05] Against Rh6+} 34. Rd1 $2 {[%emt 0:00:00] White does not recover from this.} (34. Ra1 $15) 34... Bxf2 $1 $19 {[%emt 0:02:08][%mdl 64] [#] Threatens to win with ...Rxd1. Deflection} 35. Rxd5 (35. Ne5+ Rxe5+ 36. Kxf2) 35... exd5 36. Ne5+ Kf6 37. Nd7+ {[%emt 0:00:47] Weighted Error Value: White=0.55/Black=0.19 (very precise)} 0-1

[Event "ETCC Open 2023"]
[Site "Budva"]
[Date "2023.11.13"]
[Round "3.37"]
[White "Anton Guijarro, David"]
[Black "Bjerre, Jonas Buhl"]
[Result "1-0"]
[ECO "D35"]
[WhiteElo "2668"]
[BlackElo "2633"]
[Annotator "TA"]
[PlyCount "141"]
[EventDate "2023.11.10"]
[EventType "team-tourn"]
[EventCountry "MNE"]
[SourceTitle "playchess.com"]
[Source "ChessBase"]
[SourceQuality "1"]
[WhiteTeam "Spain"]
[BlackTeam "Denmark"]
[WhiteTeamCountry "ESP"]
[BlackTeamCountry "DEN"]
[TimeControl "40/5400+30:1800+30"]

1. d4 Nf6 2. c4 e6 3. Nf3 d5 4. Nc3 Nbd7 5. cxd5 exd5 6. Bf4 c6 7. e3 Nh5 8. Bg5 Be7 9. Bxe7 Qxe7 10. Be2 {[%emt 0:00:11] D35: Queen's Gambit Declined: Exchange Variation.} g6 11. O-O O-O 12. Re1 {[%emt 0:00:52] The position is equal.} Ng7 {[%emt 0:03:49] [#]} 13. a3 $146 ({Predecessor:} 13. Qb3 Nf6 14. Ne5 Re8 15. Rac1 Bf5 16. f3 Rab8 17. Bf1 Nd7 18. Nxd7 Qxd7 19. Qd1 {½-½ Jensen,E (2510)-Kubicki,T (2429) ICCF GMN/037 email 2013}) 13... a5 14. Qd2 Nf6 15. Ne5 Bf5 16. f3 Nd7 17. Nxd7 Bxd7 18. Na4 Rfe8 19. Bf1 Qd6 20. Nb6 Ra7 21. b4 axb4 22. Qxb4 Qxb4 23. axb4 Rxa1 24. Rxa1 Be6 25. Kf2 Nf5 26. b5 Rb8 27. Rc1 Ne7 28. g4 f5 29. h3 Rf8 30. Kg3 g5 31. Bd3 (31. Na4 $14 {feels stronger.}) 31... f4+ 32. Kf2 fxe3+ 33. Kxe3 Rf6 34. bxc6 bxc6 35. Ra1 h5 36. Ra7 (36. gxh5 Rh6 $11) 36... Kf7 37. Na4 hxg4 38. hxg4 Rh6 39. Nc5 Rh3 40. Kf2 Rh1 41. Bg6+ {[%emt 0:08:47][%mdl 64] Deflection} Kf6 $1 42. Be8 Rh2+ 43. Ke3 Rh8 44. Bd7 {[%emt 0:10:46] White has more active pieces.} Bxd7 45. Nxd7+ $14 {[%emt 0:00:05][%mdl 4096] Endgame KRN-KRN} Ke6 46. Ne5 {[%emt 0:00:20][%cal Oa7e7] And now Rxe7+! would win.} Rc8 47. Ra1 Rh8 {[%emt 0:03:06] Against Rh1} 48. Rc1 Kf6 49. Rc2 Rh1 (49... Ra8 $11) 50. Nxc6 Ng6 51. Nb4 Nf4 52. Nd3 $1 {[%emt 0:00:48] Against Re1+} Ne6 {[%emt 0:00:46] Black is now going downhill.} (52... Nxd3 $14 53. Kxd3 Rd1+ 54. Ke3 Re1+ 55. Kd2 Ra1) 53. Rc1 (53. Ra2 $1 $18 ) 53... Rh2 (53... Rxc1 $14 54. Nxc1 Kg6) 54. Ra1 $1 $16 {[%emt 0:00:24] Ra5 is the strong threat.} ({Don't do} 54. Nb4 $6 Nf4 55. Rc6+ Kg7 $11) 54... Rc2 $2 (54... Nc7 55. Ra7 Rh7) 55. Ra5 $1 $18 Rc3 (55... Nc7 $142 56. Nb4 Rc3+ 57. Ke2 Ke6) 56. Rxd5 {[%emt 0:00:30] White is clearly winning.} Nf4 (56... Rc4 $142 57. Rf5+ Ke7) 57. Rf5+ Ke6 58. Rxf4 $1 ({Stronger than} 58. Rxg5 Nxd3 59. d5+ Kd6 $11) ({Worse is} 58. Re5+ Kd6 $11) 58... gxf4+ {[%emt 0:00:08] KR-KN} 59. Ke4 $1 Kf6 60. Nxf4 Rc4 61. Nd5+ Ke6 62. f4 Rc1 63. g5 Rg1 64. f5+ Kf7 {[%emt 0:00:43] [#]} 65. g6+ $1 Kg7 {[%emt 0:00:10] [#]} 66. Ne3 $1 Ra1 67. Ke5 Ra3 68. Ng4 Ra4 69. Nf6 Ra7 70. Nh5+ Kh6 71. Nf4 {[%emt 0:00:30] Weighted Error Value: White=0.10 (very precise) /Black=0.18 (very precise)} 1-0

[Event "ETCC Open 2023"]
[Site "Budva"]
[Date "2023.11.13"]
[Round "3.38"]
[White "Andersen, Mads"]
[Black "Santos Latasa, Jaime"]
[Result "0-1"]
[ECO "C02"]
[WhiteElo "2612"]
[BlackElo "2635"]
[Annotator "TA"]
[PlyCount "76"]
[EventDate "2023.11.10"]
[EventType "team-tourn"]
[EventCountry "MNE"]
[SourceTitle "playchess.com"]
[Source "ChessBase"]
[SourceQuality "1"]
[WhiteTeam "Denmark"]
[BlackTeam "Spain"]
[WhiteTeamCountry "DEN"]
[BlackTeamCountry "ESP"]
[TimeControl "40/5400+30:1800+30"]

1. e4 e6 2. d4 d5 3. e5 c5 4. c3 Nc6 5. Nf3 Qb6 6. a3 Bd7 7. b4 cxd4 8. cxd4 Rc8 9. Be3 Nh6 10. Bd3 {[%emt 0:01:13] C02: French: Advance Variation.} Ng4 11. Nbd2 Nxe3 12. fxe3 {[%emt 0:00:03] [#] The position is equal.} Nd8 $146 ({Predecessor:} 12... Be7 13. Nb3 Nb8 14. Qe2 a6 15. Nc5 Bb5 16. Bxb5+ axb5 17. O-O O-O 18. a4 bxa4 19. Rxa4 {½-½ Grandelius,N (2662)-Bluebaum,M (2640) POL-chT Ekstraliga 2021 (5.2)}) 13. Qe2 Rc3 {[%emt 0:00:46] Dodges Nb3} 14. Kf2 Qc7 15. Nb1 Rc1 16. Rxc1 Qxc1 17. Ra2 Ba4 18. b5 Be7 19. Qd2 Qc7 20. Qc3 (20. Rb2 $14) 20... Qd7 $1 $11 21. Qa5 Bd1 22. Qxa7 Bxf3 23. gxf3 (23. Kxf3 f6 24. Nd2 fxe5 25. dxe5 Qc7 $11) 23... f6 24. Rc2 O-O 25. Nd2 ({White should play} 25. exf6 $14 Rxf6 26. Nd2) 25... Nf7 (25... fxe5 {is more complex.} 26. dxe5 Qe8 27. Qd4 Qh5) 26. exf6 Bxf6 27. Kg2 (27. Qc5 $5 Rd8 28. Qc7 $14) 27... e5 28. Qc5 (28. dxe5 $1 $11 Nxe5 29. Be2) 28... Ng5 (28... exd4 $17 {White must now prevent ...Ne5.} 29. Kh1 dxe3 30. Qxe3 Re8) 29. Kh1 (29. dxe5 $1 $11 {keeps the balance.} Bxe5 30. Kh1) 29... exd4 $17 30. e4 Nh3 $1 {[%emt 0:01:42] aiming for ...Nf2+.} 31. Bf1 {[%emt 0:00:34] [#]} (31. exd5 $2 Nf2+ 32. Kg1 Nxd3 $19) (31. Qxd5+ $2 Qxd5 32. exd5 Nf2+ 33. Kg1 Nxd3 $19) 31... Nf2+ $1 32. Kg1 d3 33. Ra2 {[%emt 0:01:17] [#]} (33. Rc1 {was the crucial defense.} dxe4 34. Qc4+ (34. Kxf2 $2 {is the wrong capture.} Bd4+ 35. Ke1 Bxc5 $19) 34... Kh8 35. Kxf2 exf3 36. Qxd3 (36. Bxd3 $2 Qh3 $19)) 33... dxe4 $1 $19 {[%emt 0:01:07] Black is clearly winning.} 34. Qc4+ Kh8 {[%emt 0:00:10] White is weak on the dark squares} 35. Kxf2 ({Not} 35. Qc5 $2 Rc8 36. Qb4 e3) (35. Nxe4 $142 Nxe4 36. Qxd3) 35... Bd4+ 36. Ke1 Rc8 (36... exf3 37. Kd1 $17) 37. fxe4 Rxc4 38. Nxc4 Bc3+ {[%emt 0:00:14] Weighted Error Value: White=0.57/Black=0.09 (flawless)} 0-1

[Event "ETCC Open 2023"]
[Site "Budva"]
[Date "2023.11.13"]
[Round "3.39"]
[White "Shirov, Alexei"]
[Black "Thybo, Jesper Sondergaard"]
[Result "1/2-1/2"]
[ECO "C50"]
[WhiteElo "2668"]
[BlackElo "2522"]
[Annotator "TA"]
[PlyCount "85"]
[EventDate "2023.11.10"]
[EventType "team-tourn"]
[EventCountry "MNE"]
[SourceTitle "playchess.com"]
[Source "ChessBase"]
[SourceQuality "1"]
[WhiteTeam "Spain"]
[BlackTeam "Denmark"]
[WhiteTeamCountry "ESP"]
[BlackTeamCountry "DEN"]
[TimeControl "40/5400+30:1800+30"]

1. e4 e5 2. Nf3 Nc6 3. Bc4 Bc5 4. d3 Nf6 5. Bg5 h6 6. Bh4 O-O {[%emt 0:04:57] C50: Hungarian Defence and Giuoco Pianissimo.} 7. a4 Be7 8. Bg3 d6 9. Nc3 Be6 (9... Bg4 $5 ) 10. Bxe6 fxe6 {[%emt 0:00:07] [#]} 11. a5 $146 ({Predecessor:} 11. O-O Qd7 12. a5 a6 13. Ra4 Nd8 14. Ra3 Nh5 15. Rb3 Nxg3 16. hxg3 c5 17. Qd2 {1-0 Annaberdiev,M (2509)-Simantsev,M (2403) Marmaris Physkos 2018 (5)}) 11... a6 {[%emt 0:02:40] The position is equal.} 12. O-O Qe8 13. d4 exd4 14. Nxd4 Nxd4 15. Qxd4 Nh5 16. Qc4 Qd7 17. Nd5 Bd8 18. Ne3 c6 19. b4 d5 20. Qb3 Bg5 21. Rad1 Rad8 22. Ng4 Qf7 23. Rde1 Nxg3 24. hxg3 Qh5 25. f3 Be7 26. exd5 Qxd5 27. c4 Qd3 28. Qxd3 Rxd3 29. c5 h5 30. Nf2 Rb3 31. Rxe6 Bf6 32. Ne4 Rxb4 33. Rd1 Rd4 {[%emt 0:08:39] Prevents Rd7} 34. Nxf6+ Rxf6 $11 {[%emt 0:00:08][%mdl 4096] Endgame KRR-KRR} 35. Re8+ Kf7 36. Rxd4 Kxe8 {[%emt 0:00:04] KR-KR} 37. g4 hxg4 38. Rxg4 Kf8 39. Kf2 Rf5 40. Rc4 Rd5 41. Ke2 Kf7 42. f4 g5 43. Kf3 {[%emt 0:09:03] An interesting draw.   Weighted Error Value: White=0.04 (flawless) /Black=0.03 (flawless)} 1/2-1/2

[Event "ETCC Open 2023"]
[Site "Budva"]
[Date "2023.11.13"]
[Round "3.40"]
[White "Rasmussen, Allan Stig"]
[Black "Yuffa, Daniil"]
[Result "1-0"]
[ECO "A26"]
[WhiteElo "2507"]
[BlackElo "2600"]
[Annotator "TA"]
[PlyCount "85"]
[EventDate "2023.11.10"]
[EventType "team-tourn"]
[EventCountry "MNE"]
[SourceTitle "playchess.com"]
[Source "ChessBase"]
[SourceQuality "1"]
[WhiteTeam "Denmark"]
[BlackTeam "Spain"]
[WhiteTeamCountry "DEN"]
[BlackTeamCountry "ESP"]
[TimeControl "40/5400+30:1800+30"]

1. c4 e5 2. g3 Nc6 3. Bg2 g6 4. Nc3 Bg7 5. d3 d6 6. Nf3 Nge7 7. O-O O-O 8. Rb1 a5 9. a3 {[%emt 0:00:59][%cal Ba2a3,Ba3b4,Bb4b5][%mdl 32] [#]} Re8 $146 {[%emt 1:25:45] A26: English Opening vs King's Indian with ...Nc6 and d3.} ({Predecessor:} 9... Nd4 10. b4 axb4 11. axb4 Bg4 12. Nd2 Qc8 13. Re1 c6 14. b5 h6 15. bxc6 bxc6 16. Nb3 Qd7 17. Bd2 Kh7 18. Nxd4 exd4 19. Na4 {1-0 Kramnik,V (2753)-Alekseenko,K (2686) Airthings Masters Play In rapid 2023 (3)}) 10. Nd2 Nd4 11. b4 axb4 {[%emt 0:00:00] The position is equal.} 12. axb4 c6 13. e3 Ne6 14. Qb3 Nc7 15. b5 Bf5 16. Nde4 d5 17. Nc5 dxc4 18. dxc4 Bxb1 19. Qxb1 Rb8 20. Rd1 Qc8 21. Nd7 {[%emt 0:00:00] aiming for Ba3.} Ncd5 $1 22. cxd5 Qxd7 23. dxc6 Qc8 24. Ne4 (24. Ba3 {simplifies} bxc6 25. Bxe7 Rxe7 26. Bxc6 Re6 27. Qe4) 24... bxc6 25. Nd6 Qg4 26. Qb3 Rf8 27. h3 $36 {[%emt 0:00:00][%mdl 2048] Black is under pressure.} Qh5 (27... Qd7 $5 ) 28. g4 Qh4 29. b6 {[%emt 0:02:01] Ba3 would be deadly.} h5 30. gxh5 Qxh5 {[%emt 0:00:20][%cal Ob8b6] Threatens to win with ...Rxb6!} 31. b7 {[%emt 0:00:32] Ba3 is the strong threat.} e4 32. Ba3 $16 {[%emt 0:01:40] White is more active.} (32. Nxe4 $2 Rxb7 33. Qc2 Ra8 $19) (32. Bxe4 Nf5 33. Ba3 (33. Bxc6 Rfd8 $11) 33... Be5) 32... Nd5 {[%emt 0:00:06] [#]} (32... Rbd8 $2 33. Rb1 $18 (33. Bxe4 Qxh3 34. Rd3 Be5 $14)) (32... Qa5 $16) 33. Rc1 $1 $18 (33. Nxe4 Rxb7 34. Qxb7 Qxd1+ 35. Bf1 Qe1 $11) 33... Qe2 $2 (33... Nc7 {was necessary.} 34. Rxc6 (34. Nxe4 Qb5 $16) 34... Qd5 35. Qxd5 (35. Rxc7 $2 Qxb3 36. Nc4 Qb1+ 37. Kh2 Rfe8 $19) 35... Nxd5 36. Bxe4 Nf6) 34. Nxe4 Qa6 35. Nc5 ({Better is} 35. Nd6 $18) 35... Qa7 $16 36. Rc4 Qa5 37. Nd7 ({White should play} 37. Bxd5 $16 cxd5 38. Ra4 {[%mdl 64] Discovered Attack} Qe1+ 39. Kg2) 37... Nxe3 $2 38. fxe3 $18 Qe1+ $2 (38... Rxb7 39. Qxb7 Qxa3) 39. Kh2 Rfd8 40. Bd6 (40. Bxc6 $2 {loses.} Qf2+ 41. Kh1 (41. Bg2 $2 Rxd7 42. Qb5 Rd2 $19) 41... Qf1+ 42. Kh2 Rxd7 43. Bxd7 Be5+ $19) 40... Qd2 41. Bxb8 Rxb8 42. Nxb8 Be5+ {[%emt 0:00:06] [#]} 43. Rf4 $1 {[%emt 0:00:16] A cool game by Rasmussen.   Weighted Error Value: White=0.21 (precise) /Black=0.48} 1-0

[Event "ETCC Open 2023"]
[Site "Budva"]
[Date "2023.11.13"]
[Round "3.41"]
[White "Erdos, Viktor"]
[Black "Paichadze, Luka"]
[Result "1/2-1/2"]
[ECO "A17"]
[WhiteElo "2557"]
[BlackElo "2501"]
[Annotator "RC"]
[PlyCount "167"]
[EventDate "2023.11.10"]
[EventType "team-tourn"]
[EventCountry "MNE"]
[SourceTitle "playchess.com"]
[Source "ChessBase"]
[SourceQuality "1"]
[WhiteTeam "Hungary"]
[BlackTeam "Georgia"]
[WhiteTeamCountry "HUN"]
[BlackTeamCountry "GEO"]
[TimeControl "40/5400+30:1800+30"]

1. Nf3 Nf6 2. c4 e6 3. Nc3 Bb4 4. g4 h6 5. Rg1 Nc6 6. Qc2 d5 7. a3 Bxc3 8. dxc3 e5 9. g5 hxg5 10. Bxg5 e4 11. Nd2 Bf5 12. O-O-O Ne7 13. e3 Rxh2 14. cxd5 Rxf2 15. Bh4 Rh2 16. Bg3 Rh7 17. c4 Bg6 18. Bf4 Nf5 19. Bg2 Qe7 20. Qc3 Rd8 21. Nb3 Nh5 22. Rge1 Nh4 23. Bh1 Nxf4 24. exf4 Kf8 25. Nd4 Re8 26. c5 Qf6 27. Nb5 Qxf4+ 28. Kb1 a6 29. Nd4 Nf3 30. Bxf3 exf3+ 31. Ka2 Rxe1 32. Rxe1 f2 33. Rf1 Be4 34. d6 Bd5+ 35. b3 Rh1 36. dxc7 Qxc7 37. Rxf2 Rh2 38. Qd2 Rxf2 39. Qxf2 Kg8 40. Qh4 f6 41. Qh5 Qxc5 42. Qe8+ Qf8 43. Qd7 Bf7 44. Qxb7 Qd8 45. Qa7 g6 46. Kb2 f5 47. Kc3 Qa5+ 48. Kd3 Qxa3 49. Qb8+ Qf8 50. Qb6 Qc8 51. Qd6 Qb7 52. Kc3 Qc8+ 53. Kd2 Qa8 54. Nc6 Qe8 55. Ne5 a5 56. Qf6 Qf8 57. Nc6 Qh6+ 58. Kd3 Qh3+ 59. Kd2 Qg2+ 60. Ke3 Qe4+ 61. Kf2 f4 62. Ne7+ Kf8 63. Nxg6+ Qxg6 64. Qxf4 Qc2+ 65. Ke1 Qc3+ 66. Qd2 Qe5+ 67. Qe2 Qc5 68. Qf3 Ke7 69. Kd2 Be6 70. Qd3 Qf2+ 71. Kc3 Qf6+ 72. Qd4 Qf3+ 73. Kd2 Qf5 74. Kc3 Qb5 75. b4 a4 76. Qc5+ Qxc5+ 77. bxc5 a3 78. Kc2 Ba2 79. Kc3 Bc4 80. Kc2 Ba2 81. Kc3 Kd7 82. Kb4 Kc6 83. Kxa3 Kxc5 84. Kxa2 1/2-1/2

[Event "ETCC Open 2023"]
[Site "Budva"]
[Date "2023.11.13"]
[Round "3.42"]
[White "Mchedlishvili, Mikheil"]
[Black "Gledura, Benjamin"]
[Result "1/2-1/2"]
[ECO "A13"]
[WhiteElo "2564"]
[BlackElo "2633"]
[Annotator "TA"]
[PlyCount "132"]
[EventDate "2023.11.10"]
[EventType "team-tourn"]
[EventCountry "MNE"]
[SourceTitle "playchess.com"]
[Source "ChessBase"]
[SourceQuality "1"]
[WhiteTeam "Georgia"]
[BlackTeam "Hungary"]
[WhiteTeamCountry "GEO"]
[BlackTeamCountry "HUN"]
[TimeControl "40/5400+30:1800+30"]

1. c4 e6 2. Nf3 d5 3. g3 d4 4. Bg2 Nc6 5. O-O Bc5 6. d3 {[%emt 0:01:46] A13: English Opening: 1...e6.} Nf6 7. Nbd2 {[%emt 0:01:58][%cal Bb1d2,Bd2b3,Bb3c5][%mdl 32] 7.Nbd2 is better than 7.Na3.} O-O 8. Nb3 Be7 9. e3 dxe3 10. Bxe3 Ng4 11. Bc5 Bxc5 12. Nxc5 b6 13. Nb3 Bb7 {[%emt 0:10:21] [#]} 14. d4 $146 ({Predecessor:} 14. h3 Nf6 15. d4 Qc8 16. Qe2 a5 17. Rad1 a4 18. Nbd2 a3 19. b3 Nb4 20. Nb1 {½-½ Gelfand,B (2668)-Keymer,V (2693) Julius Baer GenCup Prelim rapid 2022 (10)}) 14... Ne7 15. Qe2 Nf6 16. Rad1 Bxf3 17. Qxf3 c6 18. Qc3 Qc7 19. Nd2 Rfd8 20. Nf3 Rd6 21. Rd3 Rad8 22. Rfd1 c5 23. Ne5 h5 24. d5 exd5 25. cxd5 b5 {[%emt 0:00:59] Wards off Nc4} ({Don't play} 25... Nfxd5 26. Qb3 Re6 27. Nc4 $14 (27. Bxd5 Rxd5 28. Rxd5 Nxd5 $11)) 26. Qd2 Nfxd5 (26... c4 $5 27. Rd4 a6 $15) 27. h4 f6 28. Ng6 {[%emt 0:01:58][%mdl 64] Deflection} Nxg6 29. Bxd5+ Kf8 $1 {[%emt 0:00:10] And now ...Ne5 would win.} 30. Qe2 Qe7 ({Don't take} 30... Ne5 31. Qxh5 Nf7 32. Be4 $16 (32. Qh7 c4 $14)) 31. Be4 {[%emt 0:03:49] aiming for Rxd6.} Rxd3 32. Rxd3 Ne5 33. Rxd8+ Qxd8 34. Qxb5 $14 {[%emt 0:00:26][%mdl 4096] Endgame KQB-KQN} Qb6 (34... Qd6 $14) 35. Qe2 {[%emt 0:01:02] White is more active.} (35. Qxb6 {simplifies} axb6 36. f4 Nc4 37. b3) 35... Qe6 36. Qxh5 Qxa2 37. Qf5 Qa6 {[%emt 0:01:25] Against Qc8+} 38. Bd5 (38. h5 $16) 38... g6 $11 39. Qc2 Qd6 40. Qb3 Qb6 41. Qe3 c4 (41... Kg7 $1 $11 {remains equal.}) 42. Qa3+ $1 $16 Ke8 {[%emt 0:00:22] [#]} 43. Bxc4 $1 {[%emt 0:00:00][%mdl 64] Decoy} Nxc4 44. Qa4+ Kf8 {[%emt 0:00:13] Strongly threatening ...Ne5.} 45. Qxc4 Qxb2 {[%emt 0:00:05] KQ-KQ} 46. Qc5+ Kg8 47. Qxa7 Qc1+ 48. Kh2 Qc6 49. Qe7 Qf3 50. Qe3 Qc6 51. g4 Qd6+ 52. Kh3 Kf7 53. f3 Qd5 54. Kg3 Qd6+ 55. Kg2 Qd5 56. g5 {[%emt 0:00:00] Qa7+ is the strong threat.} fxg5 57. hxg5 Qf5 58. Kg3 Qb1 59. Qf4+ Kg7 60. Qe5+ Kg8 61. Qd5+ Kg7 62. Kf2 {[%emt 0:00:09] Dodges Qg1+} Qc2+ 63. Ke3 Qc3+ {[%emt 0:00:20] [#]} 64. Ke4 ({White should try} 64. Ke2 $1 $16) 64... Qe1+ $11 {[%emt 0:00:16] The position is equal.} 65. Kd4 {[%emt 0:00:27] Intending Qe5+ and mate.} Qd2+ 66. Kc5 Qa5+ {[%emt 0:00:15] Weighted Error Value: White=0.06 (flawless) /Black=0.07 (flawless)} 1/2-1/2

[Event "ETCC Open 2023"]
[Site "Budva"]
[Date "2023.11.13"]
[Round "3.43"]
[White "Banusz, Tamas"]
[Black "Jobava, Baadur"]
[Result "1/2-1/2"]
[ECO "A37"]
[WhiteElo "2609"]
[BlackElo "2568"]
[Annotator "TA"]
[PlyCount "99"]
[EventDate "2023.11.10"]
[EventType "team-tourn"]
[EventCountry "MNE"]
[SourceTitle "playchess.com"]
[Source "ChessBase"]
[SourceQuality "1"]
[WhiteTeam "Hungary"]
[BlackTeam "Georgia"]
[WhiteTeamCountry "HUN"]
[BlackTeamCountry "GEO"]
[TimeControl "40/5400+30:1800+30"]

1. Nf3 c5 2. c4 g6 3. g3 Bg7 4. Bg2 Nc6 5. O-O d6 6. Nc3 h5 7. b3 {[%emt 0:08:05] A37: Symmetrical English vs ...g6: 4 Bg2 Bg7 5 Nf3.} Nh6 8. Bb2 Nf5 9. h4 {[%emt 0:01:26] [#]} Nfd4 $146 ({Predecessor:} 9... O-O 10. e3 e5 11. Ng5 f6 12. Bd5+ Kh8 13. Nf7+ Rxf7 14. Bxf7 Nfe7 15. Bxg6 Bg4 {1-0 Theodorou,N (2575)-Ghazarian,K (2426) Titled Tuesday intern op 23rd Aug Late blitz 2022 (2)}) 10. Nxd4 cxd4 11. Ne4 O-O 12. d3 Bg4 13. Qd2 Qd7 14. Rfc1 Rac8 15. b4 Nd8 16. Ng5 Bh6 {[%emt 0:11:41] aiming for ...f6.} 17. f3 (17. Bxd4 f6 18. Bd5+ e6 $17) 17... Bh3 18. Bxh3 (18. Bxd4 $2 Bxg2 19. Kxg2 f6 20. Bxa7 fxg5 21. hxg5 Bg7 $17) 18... Qxh3 19. Nxh3 Bxd2 20. Rc2 Be3+ 21. Kf1 e5 22. Bc1 Kg7 23. Ng5 d5 24. Bxe3 dxe3 25. Rac1 f6 26. Nh3 d4 27. Kg2 g5 28. hxg5 $14 f5 ({Better is} 28... Ne6 $14) 29. f4 $16 e4 30. c5 Ne6 31. Rc4 Rf7 {[%emt 0:00:39] [#]} (31... Rc7 $16) 32. a4 $1 $18 Kg6 33. c6 {[%emt 0:01:02] Black must now prevent cxb7.} Rxc6 (33... b6 $142 34. Rd1 Rh7) 34. Rxc6 bxc6 35. Rxc6 {[%emt 0:00:06][%mdl 4096] Endgame KRN-KRN} Re7 36. Ng1 (36. dxe4 fxe4 37. Rd6 d3 38. exd3 exd3 $14) (36. Rd6 $18 {has better winning chances.}) 36... Kf7 $16 37. Rd6 (37. Ra6 $16) 37... Rc7 $1 $14 38. Rd5 Rc2 39. Rxf5+ Ke7 40. Kf1 exd3 41. exd3 {[%emt 0:30:12] Threatens to win with Ne2.} h4 42. Re5 $2 (42. gxh4 $11 {and White stays safe.} Rf2+ 43. Ke1) 42... hxg3 $2 ({Don't go for} 42... Rf2+ $2 43. Ke1 Kd6 44. Rxe6+ (44. gxh4 {leads to mate.} Nxf4 45. Kd1 Rd2+ 46. Kc1 Nxd3+ 47. Kb1 Nxe5 48. h5 Rd1+ 49. Kb2 Rxg1 50. g6 e2 51. a5 e1=Q 52. Ka3 Qa1+ 53. Kb3 Rb1+ {[%mdl 64] Skewer} 54. Kc2 Rb2#) (44. Nh3 $2 Rh2 $19) 44... Kxe6 45. gxh4 Rxf4 46. h5 $19) ({Black should try} 42... Kd6 $19 43. Ne2 (43. gxh4 Rf2+ 44. Ke1 Nxf4) 43... Rd2 44. Rxe6+ (44. gxh4 $2 Nxf4 45. Nxf4 Kxe5 $19) 44... Kxe6 45. gxh4 (45. Nxd4+ $2 Kd5 $19) 45... Rxd3) 43. f5 $11 {[%emt 0:00:00][%mdl 64] [#] Pin} g2+ 44. Ke1 Rc1+ 45. Ke2 {[%emt 0:00:00][%cal Oe2f3] And now Kf3! would win. Dancing on a razor blade.} Rxg1 (45... Rf1 $5) 46. Rxe6+ (46. Kf3 $5) 46... Kd7 {[%emt 0:00:43] ( -> ...Rf1). The position is equal.} 47. Kf3 {[%emt 0:00:00] Strongly threatening Re4.} Rf1+ 48. Kxg2 Rxf5 49. Re4 Rxg5+ 50. Kf3 {[%emt 0:00:00] Black defended with fortune.   Weighted Error Value: White=0.24 (precise) /Black=0.26 (precise)} 1/2-1/2